[Event "*** SCC Grand Prix: Titled Tuesday Blitz"]
[Site "Chess.com"]
[Date "2020.06.02"]
[Round "1"]
[White "Tayson_7"]
[Black "DDTerziev04"]
[Result "1-0"]
[WhiteElo "2593"]
[BlackElo "2249"]
[TimeControl "180+1"]
[EndTime "10:07:03 PDT"]
[Termination "Tayson_7 won by resignation"]

1. e4 e6 2. d4 d5 3. Nc3 Bb4 4. e5 c5 5. a3 Ba5 6. b4 cxd4 7. Qg4 Ne7 8. Nb5 Bc7 9. Qxg7 Rg8 10. Qxh7 a6 11. Nxd4 Bxe5 12. Ngf3 Qc7 13. Nxe5 Qc3+ 14. Ke2 Qxd4 15. Qxf7+ Kd8 16. Qf6 Qe4+ 17. Kd1 Nc6 18.
Nxc6+ bxc6 19. f3 Qf5 20. Qxf5 Nxf5 21. Bf4 a5 22. b5 c5 23. Kd2 c4 24. Re1 a4 25.
Be5 Bd7 26. g4 Ne7 27. Rb1 Ke8 28. b6 Nc6 29. b7 Rd8 30. b8=Q Nxb8 31. Rxb8 Kf7 32.
Rxd8 Rxd8 33. h4 1-0

[Event "*** SCC Grand Prix: Titled Tuesday Blitz"]
[Site "Chess.com"]
[Date "2020.06.02"]
[Round "1"]
[White "Skatchkov_V"]
[Black "nitpicker"]
[Result "1-0"]
[WhiteElo "2549"]
[BlackElo "2198"]
[TimeControl "180+1"]
[EndTime "10:07:03 PDT"]
[Termination "Skatchkov_V won on time"]

1. d4 Nf6 2. c4 e6 3. Nf3 b6 4. g3 Ba6 5. b3 b5 6. Nbd2 bxc4 7.
bxc4 Be7 8. Bg2 d5 9. O-O O-O 10. Ne5 c5 11. cxd5 Nxd5 12. dxc5 Bxc5 13. Bb2 Bb7 14.
Rc1 Bb6 15. Ndc4 Bc7 16. Qb3 Ba6 17. Rfd1 Nd7 18. Nxd7 Qxd7 19. e4 Rab8 20. Qc2 Bxc4 21. Qxc4 Rxb2 22. exd5 Bb6 23. Rc2 Rxc2 24. Qxc2 Rd8 25.
Bf3 e5 26. Kg2 Bd4 27. Qb3 Qd6 28. Rc1 Rb8 29. Qa4 g6 30. Rc6 1-0

[Event "*** SCC Grand Prix: Titled Tuesday Blitz"]
[Site "Chess.com"]
[Date "2020.06.02"]
[Round "1"]
[White "capatl"]
[Black "Micki-taryan"]
[Result "0-1"]
[WhiteElo "2455"]
[BlackElo "3044"]
[TimeControl "180+1"]
[EndTime "10:07:04 PDT"]
[Termination "Micki-taryan won by resignation"]

1. d4 Nf6 2. Nf3 e6 3. g3 b5 4. Bg2 Bb7 5. O-O c5 6. a4 b4 7.
Nbd2 cxd4 8. Nb3 Be7 9. Nbxd4 O-O 10. Nb5 d5 11. Bf4 Na6 12. Ne5 Nc5 13. Nd3 a6 14. Nd4 Nfd7 15. Nxc5 Bxc5 16. Be3 Be7 17. Qd2 Nf6 18. Nb3 Rc8 19. Rac1 Qd7 20. Rfd1 Qxa4 21. Ra1 Qd7 22. Na5 Ba8 23. Qd3 Rc7 24. Qxa6 Rxc2 25.
Bd4 h6 26. Nb3 Rcc8 27. Rdc1 Ne4 28. Rxc8 Rxc8 29. Qxa8 Rxa8 30. Rxa8+ Kh7 31. f3 Nd6 32. e3 Nb5 33. Bf1 Nxd4 34. Nxd4 Bf6 35. Bd3+ g6 36. Nb5 Qc6 37. Ra7 Qc1+ 38. Kg2 Qxe3 39. Rxf7+ Kg8 40. Bxg6 Qe2+ 41. Kh3 Qxb5 42. Rxf6 Qe2 43. Bh5 b3 44. Kg4 Qxb2 45. Rxe6 Qd4+ 46. f4 b2 47. Re8+ Kh7 48. Re7+ Qg7+ 49. Rxg7+ Kxg7 0-1

[Event "*** SCC Grand Prix: Titled Tuesday Blitz"]
[Site "Chess.com"]
[Date "2020.06.02"]
[Round "1"]
[White "anon102030"]
[Black "chessablanca"]
[Result "0-1"]
[WhiteElo "2807"]
[BlackElo "2427"]
[TimeControl "180+1"]
[EndTime "10:07:04 PDT"]
[Termination "chessablanca won on time"]

1. e4 e5 2. Nf3 Nc6 3. Bc4 Bc5 4.
c3 Nf6 5. d4 exd4 6. cxd4 Bb4+ 7. Bd2 Bxd2+ 8. Nbxd2 d5 9. exd5 Nxd5 10. O-O O-O 11. Re1 Be6 12. Rc1 Re8 13. Ne4 Nb6 14. Bb5 Bd5 15. Ned2 Qf6 16. Ne5 Nxe5 17. dxe5 Rxe5 18.
Rxc7 Qg5 19. f3 Rd8 20. Rxe5 Qxe5 21. Qc2 Qe3+ 22. Kh1 g6 23. Nf1 Qe5 24. b3 Bxf3 25.
gxf3 Qxb5 26. Ne3 Qe5 27. Ng4 Qf4 28. Qe2 Qxc7 29. Qb2 Qd6 30. Nf6+ Kf8 31. Nxh7+ Ke7 32. Kg2 Qd2+ 0-1

[Event "*** SCC Grand Prix: Titled Tuesday Blitz"]
[Site "Chess.com"]
[Date "2020.06.02"]
[Round "1"]
[White "zaur-mammadov"]
[Black "lifeissofun"]
[Result "0-1"]
[WhiteElo "2582"]
[BlackElo "2275"]
[TimeControl "180+1"]
[EndTime "10:07:04 PDT"]
[Termination "lifeissofun won by resignation"]

1. e4 c5 2. c3 Nf6 3. e5 Nd5 4. Nf3 e6 5. d4 cxd4 6. cxd4 d6 7. Bc4 Be7 8. O-O O-O 9. Qe2 b6 10. Rd1 Bb7 11. Bd2 Nc6 12. Nc3 Nxc3 13. Bxc3 Rc8 14. exd6 Bxd6 15. d5 exd5 16. Rxd5 Ne7 17. Rh5 Bxf3 18.
gxf3 Qc7 19. Qe4 Ng6 20. Bb3 Rfe8 21. Qg4 Rcd8 22. Rd1 Be5 23. Rxd8 Qxd8 24. Rxh7 Bxc3 25. Qxg6 Qd1+ 26. Kg2 Qxb3 27. Qh5 g6 28. Qh6 Qxb2 29.
Rxf7 Kxf7 30. Qf4+ Bf6 31. Qc4+ Re6 32. Qc7+ Re7 33.
Qc4+ Kg7 34. Qf4 Qe5 35. Qg4 Qg5 0-1

[Event "*** SCC Grand Prix: Titled Tuesday Blitz"]
[Site "Chess.com"]
[Date "2020.06.02"]
[Round "1"]
[White "kudesnik84"]
[Black "Supernotar"]
[Result "1/2-1/2"]
[WhiteElo "2382"]
[BlackElo "2707"]
[TimeControl "180+1"]
[EndTime "10:07:05 PDT"]
[Termination "Game drawn by repetition"]

1. e4 c6 2. d4 d5 3. Nc3 dxe4 4. Nxe4 Bf5 5. Ng3 Bg6 6. h4 h6 7. h5 Bh7 8. Bd3 Bxd3 9. Qxd3 e6 10. Nf3 Nf6 11. Bf4 Nbd7 12. O-O-O Be7 13. Ne4 Nxe4 14.
Qxe4 Nf6 15. Qe2 Qd5 16. c4 Qe4 17. Qxe4 Nxe4 18. Be3 Rd8 19. Nd2 Nxd2 20. Rxd2 O-O 21. Kc2 Rd7 22. f3 Rfd8 23. g4 Kf8 24. a3 Bf6 25. Rhd1 a6 26. b4 b5 27. c5 a5 28.
a4 bxa4 29. Ra1 axb4 30. Rxa4 Bxd4 31. Bxd4 Rxd4 32. Rxd4 Rxd4 33. Kb3 Ke7 34. Ra7+ Kf6 35. Rc7 Rd3+ 36. Kxb4 Rxf3 37. Rxc6 Rf4+ 38. Kb5 Rxg4 39. Rc8 Kg5 40. c6 Rg1 41. Rg8 Rc1 42. Rxg7+ Kf6 43. Rh7 e5 44. Kb6 e4 45. c7 e3 46. Rxh6+ Kg5 47.
Rc6 Rxc6+ 48. Kxc6 e2 49. c8=Q e1=Q 50. Qg8+ Kf6 51.
Qd8+ Kf5 52. Qd5+ Kf6 53. Qd8+ Kf5 54. Qd5+ Kf6 55. Qd8+ 1/2-1/2

[Event "*** SCC Grand Prix: Titled Tuesday Blitz"]
[Site "Chess.com"]
[Date "2020.06.02"]
[Round "1"]
[White "AliKa2810"]
[Black "warmoatmeal"]
[Result "1-0"]
[WhiteElo "2566"]
[BlackElo "2224"]
[TimeControl "180+1"]
[EndTime "10:07:05 PDT"]
[Termination "AliKa2810 won by resignation"]

1. d4 Nf6 2. c4 e6 3. Nf3 d5 4. Nc3 Be7 5. Bf4 O-O 6. e3 a6 7. c5 Nh5 8. Bd3 Nxf4 9. exf4 Nd7 10. O-O c6 11. b4 Qc7 12. g3 Nf6 13. Re1 Bd7 14. Kg2 g6 15. Ne5 Ne8 16. Rc1 f6 17.
Nf3 Ng7 18. h4 Rae8 19. a4 Bd8 20. b5 axb5 21. axb5 Kf7 22. b6 Qb8 23. Ra1 Re7 24.
Ra7 Be8 25. Qa1 Qc8 26. Ra8 Qd7 27. Rb8 Kg8 28. Qa8 Bf7 29. Ra1 e5 30. fxe5 fxe5 31. Nxe5 Rxe5 32. dxe5 d4 33. Ne4 Bd5 34. Kg1 Bxe4 35.
Bxe4 Ne6 36. Rxb7 Qe8 37. Bxc6 Qxc6 38. Rg7+ Nxg7 39. Qxc6 1-0

[Event "*** SCC Grand Prix: Titled Tuesday Blitz"]
[Site "Chess.com"]
[Date "2020.06.02"]
[Round "1"]
[White "DucksParadise"]
[Black "dragos420"]
[Result "0-1"]
[WhiteElo "2056"]
[BlackElo "2496"]
[TimeControl "180+1"]
[EndTime "10:07:05 PDT"]
[Termination "dragos420 won by resignation"]

1. e4 e5 2. Nf3 Nc6 3. Bb5 g6 4. O-O Bg7 5. c3 Nge7 6. d4 exd4 7. cxd4 a6 8. Bxc6 Nxc6 9. d5 Ne5 10. Nc3 O-O 11.
Nxe5 Bxe5 12. Bh6 Re8 13. Qd2 d6 14. f4 Bf6 15. Rae1 c6 16. dxc6 bxc6 17. e5 dxe5 18.
Qxd8 Bxd8 19. fxe5 Bf5 20. h3 Bb6+ 21. Be3 Ba5 22.
Bc5 Rab8 23. b4 Bxb4 24. Bxb4 Rxb4 25. g4 Be6 26. Ne4 Rd8 27. Nf6+ Kg7 28. Rd1 Rbd4 29.
Ne8+ Kf8 30. Nd6 Rxd1 31. Rxd1 Ke7 32. Rc1 f6 33. Rb1 0-1

[Event "*** SCC Grand Prix: Titled Tuesday Blitz"]
[Site "Chess.com"]
[Date "2020.06.02"]
[Round "1"]
[White "plumalka"]
[Black "chito89"]
[Result "0-1"]
[WhiteElo "2401"]
[BlackElo "2797"]
[TimeControl "180+1"]
[EndTime "10:07:06 PDT"]
[Termination "chito89 won by resignation"]

1. e4 d6 2. d4 Nf6 3. Nc3 g6 4. f4 Bg7 5. Nf3 O-O 6. Bd3 Nc6 7.
O-O e5 8. Be3 Ng4 9. Bd2 exd4 10. Nd5 Ne7 11. h3 Nxd5 12. hxg4 Ne3 13. Bxe3 dxe3 14.
g5 c6 15. Qe2 Qb6 16. c3 h6 17. Rae1 Bg4 18. Qxe3 Qxb2 19. f5 Qxc3 20. gxh6 Bf6 21. Rc1 Qa5 22. Qf4 Bxf3 23. Rxf3 Qe5 24. Qg4 g5 25.
h7+ Kh8 26. Rcf1 Rae8 27. Qh5 d5 28. exd5 cxd5 29. Bb5 Qd4+ 30. Kh1 Re4 31. Rh3 a6 32.
Be2 g4 33. Rd3 Qe5 34. Bxg4 d4 35. Bf3 Rh4+ 36. Qxh4 Bxh4 37. Rfd1 Bf6 38. Rxd4 Qxd4 39. Rxd4 Bxd4 0-1

[Event "*** SCC Grand Prix: Titled Tuesday Blitz"]
[Site "Chess.com"]
[Date "2020.06.02"]
[Round "1"]
[White "Violord"]
[Black "PavelChernomordik"]
[Result "1-0"]
[WhiteElo "2602"]
[BlackElo "2263"]
[TimeControl "180+1"]
[EndTime "10:07:06 PDT"]
[Termination "Violord won by resignation"]

1. Nf3 g6 2. g3 Bg7 3. d4 d6 4. Bg2 Nf6 5. O-O O-O 6. b3 a5 7. a4 c6 8. Bb2 Na6 9. Nbd2 Bg4 10. h3 Bd7 11. e4 b5 12. e5 Nd5 13.
axb5 cxb5 14. Ng5 Nac7 15. c4 h6 16. Nxf7 Rxf7 17. cxd5 e6 18. dxe6 Bxe6 19. exd6 Qxd6 20. Bxa8 Nxa8 21. Rxa5 Nc7 22. Ne4 Qb6 23. d5 Bxh3 24. Bxg7 Bxf1 25. Ra2 Bh3 26. Bd4 Qb7 27. Nf6+ Rxf6 28. Bxf6 Nxd5 29. Qf3 Qc6 30. Bd4 h5 31.
Ra7 Ne7 32. Ra8+ Bc8 33. Qxc6 Nxc6 34. Rxc8+ 1-0

[Event "*** SCC Grand Prix: Titled Tuesday Blitz"]
[Site "Chess.com"]
[Date "2020.06.02"]
[Round "1"]
[White "GM_Levan_Pantsulaia"]
[Black "kuba2006"]
[Result "1-0"]
[WhiteElo "2840"]
[BlackElo "2418"]
[TimeControl "180+1"]
[EndTime "10:07:07 PDT"]
[Termination "GM_Levan_Pantsulaia won on time"]

1. Nf3 Nf6 2. g3 g6 3. b3 Bg7 4.
Bb2 O-O 5. Bg2 d6 6. d4 Nbd7 7.
O-O c5 8. c4 Rb8 9. Nc3 a6 10.
e4 b5 11. cxb5 axb5 12. e5 dxe5 13. dxe5 Ne8 14. e6 fxe6 15. Qe2 Qb6 16. Rfe1 Nc7 17. Rad1 Nf6 18. Ng5 h6 19. Nf3 Bb7 20. Ne5 Bxg2 21. Kxg2 g5 22. f3 Rbd8 23. Ng6 Rfe8 24. h4 gxh4 25. Nxh4 Nfd5 26. Ne4 e5 27. Nf2 c4 28. Bxe5 Bxe5 29. Qxe5 Qf6 30. bxc4 Qxe5 31. Rxe5 bxc4 32. Nf5 Kh7 33. Rh1 1-0

[Event "*** SCC Grand Prix: Titled Tuesday Blitz"]
[Site "Chess.com"]
[Date "2020.06.02"]
[Round "1"]
[White "jonaszmb"]
[Black "A-Adly"]
[Result "0-1"]
[WhiteElo "2414"]
[BlackElo "2829"]
[TimeControl "180+1"]
[EndTime "10:07:07 PDT"]
[Termination "A-Adly won by resignation"]

1. e4 c6 2. d4 d5 3. Nc3 dxe4 4. Nxe4 Nd7 5. Bd3 Ndf6 6. Nf3 Nxe4 7.
Bxe4 Nf6 8. Bd3 Bg4 9. c3 Qd5 10.
Be3 Bxf3 11. Qxf3 Qxf3 12. gxf3 e6 13. Rg1 g6 14. O-O-O Bd6 15. Bh6 Nd5 16. Bg7 Rg8 17. Be5 Bxe5 18. dxe5 Ke7 19. Be4 Rad8 20. Kc2 Nf4 21. Rd2 h5 22. b4 a6 23. a4 Nh3 24.
Rgd1 Rxd2+ 25. Rxd2 Rd8 26. b5 axb5 27. axb5 Rxd2+ 28. Kxd2 Nxf2 29. Bc2 g5 30. Ke3 Nh3 31. Be4 cxb5 32.
Bxb7 Kd7 33. Kd4 Kc7 34. Be4 Ng1 35. Kc5 Ne2 36. Kb4 Kb6 37. Bh7 Nf4 38. Bg8 Nd3+ 39. Kb3 Nxe5 40. h4 gxh4 41. f4 h3 42. Bh7 Ng6 0-1

[Event "*** SCC Grand Prix: Titled Tuesday Blitz"]
[Site "Chess.com"]
[Date "2020.06.02"]
[Round "1"]
[White "hectorfiori"]
[Black "youngKID"]
[Result "0-1"]
[WhiteElo "2397"]
[BlackElo "2779"]
[TimeControl "180+1"]
[EndTime "10:07:07 PDT"]
[Termination "youngKID won by checkmate"]

1. e4 c5 2. Nf3 Nc6 3. d4 cxd4 4. Nxd4 Nf6 5. Nc3 d6 6. g3 Bd7 7. Bg2 g6 8. O-O Bg7 9. Nde2 O-O 10. h3 Ne5 11. b3 Rc8 12. Be3 Bc6 13. f4 Ned7 14.
Qd2 b5 15. Rad1 b4 16. Nd5 Nxd5 17. exd5 Bb5 18. Rfe1 Bxe2 19. Rxe2 Bc3 20. Qd3 Nc5 21. Bxc5 Rxc5 22. f5 Be5 23. Qe4 Qc7 24. fxg6 hxg6 25. g4 a5 26. Rf1 Rc3 27. Ref2 Qc5 28. Kh1 Kg7 29. h4 Qd4 30. Bf3 Qxe4 31. Bxe4 Rh3+ 32. Kg2 Rxh4 33. Bf3 Rfh8 34. Rg1 Bd4 35. Rff1 Rh2+ 36. Kg3 Be5# 0-1

[Event "*** SCC Grand Prix: Titled Tuesday Blitz"]
[Site "Chess.com"]
[Date "2020.06.02"]
[Round "1"]
[White "Man-Chuk"]
[Black "MathiasWomacka"]
[Result "1-0"]
[WhiteElo "2766"]
[BlackElo "2388"]
[TimeControl "180+1"]
[EndTime "10:07:07 PDT"]
[Termination "Man-Chuk won on time"]

1. d4 Nf6 2. c4 e6 3. Nf3 Bb4+ 4. Nbd2 O-O 5. a3 Be7 6. e4 d5 7. e5 Nfd7 8. Bd3 c5 9. h4 g6 10. h5 cxd4 11. Nb3 Nc6 12. Bf4 g5 13. cxd5 exd5 14. Bg3 g4 15. Nfxd4 Ndxe5 16. O-O Bg5 17. Bf5 Qf6 18.
Nxc6 bxc6 19. Bxc8 Raxc8 20. Re1 Bf4 21. Bxf4 Qxf4 22.
Qd4 Qxd4 23. Nxd4 Rfe8 24. Rac1 c5 25. Nf5 Re6 26. Red1 d4 27. Rxd4 f6 28. Ra4 Rc7 29. Rd1 c4 30. Rd8+ Kf7 31. Rh8 1-0

[Event "*** SCC Grand Prix: Titled Tuesday Blitz"]
[Site "Chess.com"]
[Date "2020.06.02"]
[Round "1"]
[White "gmyarick"]
[Black "Siemba"]
[Result "1-0"]
[WhiteElo "2749"]
[BlackElo "2383"]
[TimeControl "180+1"]
[EndTime "10:07:07 PDT"]
[Termination "gmyarick won by resignation"]

1. e4 e6 2. d4 d5 3. Nd2 c5 4.
Ngf3 cxd4 5. exd5 Qxd5 6. Bc4 Qd7 7. Qe2 Nc6 8. Nb3 a6 9. O-O b5 10. Bd3 Bb7 11. Bf4 Bd6 12. Bxd6 Qxd6 13. Rad1 Nf6 14.
Nbxd4 Nxd4 15. Nxd4 Qb6 16. Nf3 O-O 17. Ne5 Rad8 18.
Rfe1 Rd5 19. c4 bxc4 20. Bxc4 Rxd1 21. Rxd1 Rd8 22. Rxd8+ Qxd8 23. Nxf7 Kxf7 24. Qxe6+ Kg6 25. Qf7+ Kh6 26. Qxb7 Qd1+ 27. Bf1 a5 28. Qb3 Qxb3 29. axb3 Kg5 30. f3 Kf4 31. Kf2 Ke5 32. Ke3 g5 33. Kd3 Kd5 34. Kc3 Kc5 35. Bd3 Nd5+ 36. Kd2 h5 37.
Bc4 Nf4 38. g3 Ng6 39. Bf7 Ne5 40. Bxh5 Kd4 41. f4 gxf4 42. gxf4 Nd7 43. Bg6 Nf6 44.
h4 Nd5 45. f5 Nf6 46. h5 Ng4 47.
Ke2 Ke5 48. Kf3 Nh6 49. Kg3 Ng8 50.
Kg4 Kf6 51. Kf4 Nh6 52. Ke4 Ng8 53. Kd5 Ne7+ 54. Kc5 Nxg6 55. fxg6 a4 56. bxa4 1-0

[Event "*** SCC Grand Prix: Titled Tuesday Blitz"]
[Site "Chess.com"]
[Date "2020.06.02"]
[Round "1"]
[White "manmanlai1"]
[Black "GMTalks_Youtube"]
[Result "1-0"]
[WhiteElo "2356"]
[BlackElo "2671"]
[TimeControl "180+1"]
[EndTime "10:07:07 PDT"]
[Termination "manmanlai1 won on time"]

1. e4 e5 2. Nf3 Nc6 3. Bc4 Bc5 4. b4 Bxb4 5. c3 Ba5 6. d4 exd4 7. Qb3 Qe7 8. O-O Bb6 9. cxd4 Nxd4 10. Nxd4 Bxd4 11. Nc3 Nf6 12. Bb2 O-O 13. Rad1 c5 14. Nd5 Nxd5 15.
Bxd4 Nb6 16. Bb2 Nxc4 17. Qxc4 b6 18. e5 Bb7 19. f4 Qe6 20. Qc3 f5 21. Rd6 Qf7 22.
Rfd1 Bc6 23. e6 Qg6 24. g3 Rf6 25. exd7 1-0

[Event "*** SCC Grand Prix: Titled Tuesday Blitz"]
[Site "Chess.com"]
[Date "2020.06.02"]
[Round "1"]
[White "atalz0"]
[Black "PavlovDanila"]
[Result "1-0"]
[WhiteElo "2317"]
[BlackElo "2623"]
[TimeControl "180+1"]
[EndTime "10:07:08 PDT"]
[Termination "atalz0 won on time"]

1. d4 Nf6 2. c4 g6 3. f3 Bg7 4. e4 d6 5. Nc3 O-O 6. Be3 e5 7.
d5 Nh5 8. Qd2 Qh4+ 9. g3 Nxg3 10. Qf2 Nxf1 11. Qxh4 Nxe3 12. Qf2 Bh6 13. b3 Na6 14. Ke2 Nb4 15. h4 Nbc2 16. Rb1 Nd4+ 17. Kd3 Bf4 18. Nge2 Bh6 19. Nxd4 exd4 20. Kxd4 f5 21.
h5 fxe4 22. Nxe4 Nf5+ 23. Kd3 Bg7 24. hxg6 hxg6 25. Rbg1 Kf7 26. Ng5+ Ke7 27. Rh7 Rg8 28. Re1+ Kf8 29. Ne6+ Bxe6 30. Rxe6 1-0

[Event "*** SCC Grand Prix: Titled Tuesday Blitz"]
[Site "Chess.com"]
[Date "2020.06.02"]
[Round "1"]
[White "tomasdanada"]
[Black "talman67"]
[Result "0-1"]
[WhiteElo "2235"]
[BlackElo "2575"]
[TimeControl "180+1"]
[EndTime "10:07:08 PDT"]
[Termination "talman67 won on time"]

1. g3 e5 2. Bg2 Nf6 3. d3 d5 4. Nf3 Nc6 5. O-O Bd6 6. Nc3 O-O 7. e4 dxe4 8. dxe4 h6 9. h3 Bc5 10. Qxd8 Rxd8 11. Re1 Be6 12. Bf1 a6 13. a3 Rd7 14.
Kg2 Rad8 15. Bd3 b5 16. b4 Bb6 17. Be3 Bxe3 18. fxe3 Ne8 19. Reb1 f6 20. a4 Rxd3 21. cxd3 Rxd3 22. axb5 Rxc3 23. bxc6 Rxc6 24. b5 axb5 25.
Rxb5 Rc2+ 26. Kg1 Bxh3 27. Rb8 Kf7 0-1

[Event "*** SCC Grand Prix: Titled Tuesday Blitz"]
[Site "Chess.com"]
[Date "2020.06.02"]
[Round "1"]
[White "davidkalashian"]
[Black "PawnEatingZombie"]
[Result "1-0"]
[WhiteElo "2555"]
[BlackElo "2205"]
[TimeControl "180+1"]
[EndTime "10:07:08 PDT"]
[Termination "davidkalashian won on time"]

1. d4 d5 2. Nf3 e6 3. c4 dxc4 4. e3 b5 5. a4 c6 6. b3 Bb4+ 7. Bd2 Bxd2+ 8. Qxd2 a5 9. axb5 cxb5 10. bxc4 b4 11.
Ne5 Nf6 12. c5 O-O 13. Bd3 Nbd7 14. O-O Qc7 15. f4 Bb7 16. Qc2 Rfc8 17. Nd2 h6 18. Ndc4 Nd5 19. Qf2 N7f6 20. g4 Nc3 21. g5 Nfe4 22. Qh4 Bd5 23. gxh6 g6 24. h7+ Kh8 25. Bxe4 Nxe4 26. Nd6 f6 27. Nxe4 1-0

[Event "*** SCC Grand Prix: Titled Tuesday Blitz"]
[Site "Chess.com"]
[Date "2020.06.02"]
[Round "1"]
[White "szefru"]
[Black "Mizner"]
[Result "1-0"]
[WhiteElo "2115"]
[BlackElo "2489"]
[TimeControl "180+1"]
[EndTime "10:07:08 PDT"]
[Termination "szefru won by resignation"]

1. e4 e6 2. d4 d5 3. Nd2 c5 4.
exd5 Qxd5 5. Ngf3 cxd4 6. Bc4 Qc5 7. O-O Nc6 8. Bb3 Nf6 9. Nc4 b5 10. Ncd2 Bb7 11. a4 a6 12. axb5 axb5 13. Rxa8+ Bxa8 14. Re1 Be7 15. Ne4 Qb6 16. Bg5 Nxe4 17. Rxe4 Bxg5 18. Nxg5 h6 19. Nxf7 Nd8 20. Nxh8 Bxe4 21. Qh5+ Kf8 22. Qg4 Bf5 23. Ng6+ Ke8 24. Qg3 Qa5 25.
h3 Qa1+ 26. Kh2 Qxb2 27. Nf4 Kf7 28. Qh4 g5 29. Qh5+ Kg7 30. Qe8 gxf4 31. Qxd8 Qc3 32. Qe7+ Kg6 33. Bxe6 Qxc2 34. Qf7+ Kg5 35. h4+ Kxh4 36.
Bxf5 Qxf2 37. Qf6+ 1-0

[Event "*** SCC Grand Prix: Titled Tuesday Blitz"]
[Site "Chess.com"]
[Date "2020.06.02"]
[Round "1"]
[White "oneshot007"]
[Black "gena217"]
[Result "0-1"]
[WhiteElo "2421"]
[BlackElo "2849"]
[TimeControl "180+1"]
[EndTime "10:07:09 PDT"]
[Termination "gena217 won by checkmate"]

1. e4 c6 2. d4 d5 3. e5 Bf5 4.
h4 h6 5. g4 Be4 6. f3 Bh7 7.
h5 e6 8. Bd3 Bxd3 9. Qxd3 Qa5+ 10. c3 Qa6 11. Qc2 c5 12. f4 Nc6 13. Nf3 cxd4 14. Nxd4 Nxd4 15. cxd4 Ne7 16. Be3 Nc6 17. Nc3 Nb4 18. Qb3 Qc4 19. Qxc4 dxc4 20. Ke2 Kd7 21.
Rag1 Be7 22. g5 b5 23. gxh6 gxh6 24. Rg7 Raf8 25. f5 exf5 26. d5 Nd3 27. d6 Bd8 28.
Nxb5 Nxe5 29. Bxa7 Bf6 30. Rg3 Ng4 31. Rd1 Re8+ 32.
Kf3 Re5 33. Rg2 Rxb5 34. Re2 Ne5+ 35. Kg2 Rg8+ 36. Kh3 f4 37. Bd4 Nf3 38. Bxf6 Rg3# 0-1

[Event "*** SCC Grand Prix: Titled Tuesday Blitz"]
[Site "Chess.com"]
[Date "2020.06.02"]
[Round "1"]
[White "qqwow"]
[Black "MITerryble"]
[Result "0-1"]
[WhiteElo "2407"]
[BlackElo "2819"]
[TimeControl "180+1"]
[EndTime "10:07:09 PDT"]
[Termination "MITerryble won by resignation"]

1. d4 e6 2. c4 Bb4+ 3. Nc3 c5 4. a3 Bxc3+ 5. bxc3 Qa5 6. Bd2 Nf6 7. f3 d6 8. e4 Nc6 9. Bd3 Qc7 10. Ne2 e5 11.
Be3 Na5 12. d5 b6 13. Ng3 g6 14. O-O O-O 15. h3 Nd7 16. f4 exf4 17. Bxf4 Re8 18. h4 Ne5 19. Be2 f6 20. h5 Qe7 21. hxg6 hxg6 22.
Bxe5 Qxe5 23. Qd3 Kg7 24. Rf2 Bd7 25. Raf1 Rf8 26. Rf4 Rf7 27. Qe3 Rh8 28. Nh1 Qg5 29. Qf3 Qh6 30. Ng3 Qg5 31. Kf2 a6 32. Ke1 b5 33.
cxb5 axb5 34. Kf2 c4 35. Kg1 Nb3 36. Bd1 Nd2 37. Qf2 Nxf1 38. Qxf1 Qxg3 39. e5 dxe5 40. Rf3 Qh2+ 41. Kf2 Qh4+ 42. Ke2 Bg4 0-1

[Event "*** SCC Grand Prix: Titled Tuesday Blitz"]
[Site "Chess.com"]
[Date "2020.06.02"]
[Round "1"]
[White "Kobalia"]
[Black "crazy_but_lazy"]
[Result "1-0"]
[WhiteElo "2767"]
[BlackElo "2390"]
[TimeControl "180+1"]
[EndTime "10:07:09 PDT"]
[Termination "Kobalia won by checkmate"]

1. e4 c5 2. Nf3 d6 3. Bb5+ Bd7 4. Bxd7+ Qxd7 5. O-O Nf6 6. Qe2 e6 7. c3 Be7 8. d4 cxd4 9. cxd4 O-O 10. Nc3 a6 11.
Re1 Nc6 12. d5 Ne5 13. Nxe5 dxe5 14. Rd1 Rfd8 15. Bg5 b5 16. Bxf6 Bxf6 17. dxe6 Qxe6 18. Nd5 Rac8 19. a4 Rb8 20. axb5 axb5 21. Ra7 h6 22.
Qh5 Rdc8 23. h3 Bg5 24. Rd3 Rc1+ 25. Kh2 Rc2 26. Rf3 Rf8 27. Rg3 g6 28. Qf3 Rxb2 29.
Rb7 b4 30. Rb6 Qc8 31. Rxg5 Qc1 32. Rgxg6+ fxg6 33. Rxg6+ Kh7 34. Qxf8 Kxg6 35. Ne7+ Kg5 36. Qf5+ Kh4 37. Qg4# 1-0

[Event "*** SCC Grand Prix: Titled Tuesday Blitz"]
[Site "Chess.com"]
[Date "2020.06.02"]
[Round "1"]
[White "DishonorOnYourCow"]
[Black "DenLaz"]
[Result "0-1"]
[WhiteElo "2294"]
[BlackElo "2631"]
[TimeControl "180+1"]
[EndTime "10:07:09 PDT"]
[Termination "DenLaz won by resignation"]

1. d4 d5 2. c4 c6 3. Nf3 Nf6 4. e3 g6 5. Nc3 Bg7 6. Be2 O-O 7.
O-O Ne4 8. cxd5 cxd5 9. Qb3 Nxc3 10. bxc3 Nc6 11. Nd2 Na5 12. Qa4 b6 13. c4 Ba6 14.
Re1 Rc8 15. cxd5 Bxe2 16. Rxe2 Qxd5 17. Ba3 Rfe8 18. h3 e5 19. dxe5 Qxe5 20. Rd1 Qe6 21. Nf3 Nc4 22. Nd4 Qe4 23. Nb5 a6 24. Nd4 b5 25. Qb3 Rcd8 26. Bb2 Nxb2 27. Rxb2 Bxd4 28.
exd4 Rxd4 29. Rxd4 Qxd4 30. Rc2 Qd1+ 31. Kh2 Qd6+ 32. g3 Qe6 33. Qxe6 Rxe6 34. Kg2 Re4 35. h4 Ra4 36. Kf3 Kg7 37. Re2 h5 38. Rd2 Kf6 39. Re2 Kf5 40. Rc2 f6 41. Ke3 Ke5 42. f3 Ra3+ 43. Ke2 f5 44. Rd2 f4 45. Rc2 fxg3 46.
Kf1 Rxf3+ 47. Kg2 Ra3 48. Re2+ Kf4 49. Rd2 Ke4 50. Re2+ Re3 51. Rc2 Kf5 52. Rd2 Ke6 53. Rd4 Ra3 54. Rd2 b4 55. Re2+ Kd5 56. Rd2+ Kc4 57.
Re2 Kd3 58. Re6 Rxa2+ 59. Kxg3 b3 60. Rxg6 b2 61. Rb6 Kc2 62. Kf4 b1=Q 0-1

[Event "*** SCC Grand Prix: Titled Tuesday Blitz"]
[Site "Chess.com"]
[Date "2020.06.02"]
[Round "1"]
[White "Vision_64"]
[Black "RitvarsReimanis"]
[Result "0-1"]
[WhiteElo "2156"]
[BlackElo "2525"]
[TimeControl "180+1"]
[EndTime "10:07:09 PDT"]
[Termination "RitvarsReimanis won on time"]

1. e4 c5 2. Nf3 Nc6 3. Bb5 g6 4. O-O Bg7 5. Re1 Nf6 6. e5 Nd5 7. Nc3 Nc7 8. Bxc6 dxc6 9. Ne4 Ne6 10. d3 O-O 11. Be3 b6 12. Qd2 Re8 13. Bh6 Bh8 14. Re2 Qd5 15. Bf4 Nxf4 16. Qxf4 Qe6 17. h3 Qf5 18.
Qxf5 Bxf5 19. Ng3 Be6 20. Rae1 h6 21. b3 a5 22. Rd1 a4 23. d4 axb3 24. axb3 c4 25.
bxc4 Bxc4 26. Red2 Bd5 27. Rb1 b5 28. Ne1 f6 29.
Nd3 fxe5 30. Nxe5 Bxe5 31. dxe5 e6 32. Ne2 Ra4 33. f3 Rc4 34. Kf2 g5 35. Nd4 Ra8 36. Nb3 Ra2 37. Rc1 Rc3 38. Nd4 b4 39.
Ne2 Rc4 40. Ke3 Ra3+ 41. Rd3 Kf7 42. Rxa3 bxa3 43. Kd3 h5 44. Ra1 a2 45. Nc1 g4 46.
Rxa2 gxh3 47. gxh3 Rh4 48. Ra7+ Kg6 49. Ne2 Bxf3 50.
Ke3 Bxe2 51. Kxe2 Rxh3 52. Ra5 Kf5 53. Rc5 Ra3 54. Rxc6 h4 55. Rc5 h3 56. Kf2 Kf4 57. Rc4+ Kxe5 58. Rh4 Kf5 59. Ke2 e5 60. Rh8 Rg3 61. c4 Ke4 62. Kf2 Rg2+ 63. Kf1 Rg3 64. Rh4+ Kf5 65. c5 Rc3 66. c6 Kg5 67. Rh8 Kg4 0-1

[Event "*** SCC Grand Prix: Titled Tuesday Blitz"]
[Site "Chess.com"]
[Date "2020.06.02"]
[Round "1"]
[White "Love_craft"]
[Black "AverageRecord"]
[Result "0-1"]
[WhiteElo "2451"]
[BlackElo "3014"]
[TimeControl "180+1"]
[EndTime "10:07:10 PDT"]
[Termination "AverageRecord won on time"]

1. d4 d5 2. c4 dxc4 3. Nf3 c5 4. e3 cxd4 5. Bxc4 Qc7 6. Bb5+ Bd7 7. Nxd4 e5 8. Bxd7+ Nxd7 9. Nb3 Ngf6 10. O-O Be7 11. Nc3 O-O 12. e4 Nb6 13. f3 Rfd8 14. Qe2 Qc4 15.
Qf2 Bb4 16. Bg5 Qe6 17. Rac1 h6 18. Bh4 g5 19. Bg3 Nh5 20. Kh1 Rac8 21. Ne2 f5 22.
Rxc8 Rxc8 23. exf5 Qxf5 24. Rc1 Rxc1+ 25. Nexc1 Nf4 26.
Qf1 Qc2 27. h4 Be7 28. Bxf4 gxf4 29. Qb5 Nc4 30. Qe8+ Bf8 31. Qe6+ Kh8 32. Qc8 Kg7 33. Qd7+ Kf6 34. Qd8+ Be7 35. Qh8+ Kf7 36. h5 Ne3 37. Ne2 Qxe2 38. Qh7+ Ke8 39. Qg8+ Kd7 0-1